 Dungeon Crawl Stone Soup version 0.29.0-15-g675c0067aa (webtiles) character file.

Game seed: 743579111659786359

14 qw the Sneak (level 2, -2/19 HPs)
             Began as a Gargoyle Delver on Sept 11, 2022.
             Slain by Duvessa
             ... wielding a +0 rapier
              (6 damage)
             ... on level 4 of the Dungeon.
             The game lasted 00:00:08 (349 turns).

qw the Sneak (Gargoyle Delver)                       Turns: 349, Time: 00:00:09

Health: -2/19      AC:  7    Str: 15    XL:     2   Next: 45%
Magic:  2/2        EV: 10    Int: 10    God:
Gold:   10         SH:  0    Dex: 11    Spells: 1/1 levels left

rFire   . . .      SeeInvis .   b - +0 war axe
rCold   . . .      Faith    .   (no shield)
rNeg    + . .      Spirit   .   h - +0 ring mail
rPois   inf        Reflect  .   (no helmet)
rElec   +          Harm     .   (no cloak)
rCorr   .          Rampage  .   (no gloves)
Will    .....                   (no boots)
Stlth   ++........              (no amulet)
HPRegen 0.06/turn               (no ring)
MPRegen 0.08/turn               (no ring)

@: no status effects
A: sickness immunity, AC +2, negative energy resistance 1, electricity
resistance, torment resistance 1, petrification resistance
a: no special abilities


You were on level 4 of the Dungeon.
You visited 1 branch of the dungeon, and saw 2 of its levels.

You collected 10 gold pieces.


Innate Abilities, Weirdness & Mutations

You are immune to sickness and miasma.
Your stone body is resilient. (AC +2)
You are immune to poison.
You resist negative energy. (rN+)
You are resistant to electric shocks. (rElec)
You are resistant to unholy torment.
You are immune to petrification.


   Skills:
 - Level 3.2 Fighting
 + Level 2.7 Axes
 - Level 1.5 Dodging
 - Level 5.4 Stealth


You had one spell level left.
You didn't know any spells.
Your spell library was empty.

Inventory:

Hand Weapons
 b - a +0 war axe (weapon)
Armour
 h - a +0 ring mail (worn)
Wands
 g - a wand of digging (3)
Potions
 f - a potion of haste

Dungeon Overview and Level Annotations

Branches:
Dungeon (5/15)
 Temple: D:4-7

Altars:
Elyvilon

Annotations:
D:4 Dowan, Duvessa


Message History

The jackal closely misses you.
You closely miss the jackal. The jackal bites you.
The jackal bites you but does no damage.
You barely miss the jackal. The jackal bites you.
The jackal bites you but does no damage.
You slash the jackal!
You kill the jackal!
The jackal closely misses you.
You hit the jackal.
You kill the jackal!
You start resting.
HP restored.
Things that are here:
a jackal corpse; an adder corpse Duvessa and Dowan come into view.
Enter note:
Found a stone staircase leading up.
Duvessa shouts!
Enter note: Dowan shouts!
You hit Duvessa.
Duvessa is lightly wounded.
Dowan casts a spell.
Dowan blinks!
Duvessa completely misses you. Duvessa hits you with a +0 rapier!
You barely miss Duvessa.
Duvessa is lightly wounded.
Duvessa closely misses you.
You slash Duvessa!
Duvessa is moderately wounded.
Duvessa says, "Where magic fails, the sword succeeds!"
Duvessa hits you with a +0 rapier!
A dart slug comes into view.
You hit Duvessa.
Duvessa is heavily wounded.
Dowan casts a spell at Duvessa.
Duvessa seems to speed up.
Duvessa barely misses you. Duvessa hits you with a +0 rapier.
You die...

..... #w...#
#..... .#
#.....## .#
#......###.
#......##.#
#.....e.#.#
#<..e.@...#
#..........#
...........#
...........##
..#.........#####
# ##............#
#..........###
#........#..#
#..........#.#


You could see Duvessa (fast), Dowan and a dart slug.

Vanquished Creatures
  An adder (D:4)
  A goblin (D:4)
  2 jackals (D:4)
  A kobold (D:4)
5 creatures vanquished.

Notes
Turn   | Place    | Note
-------+----------+-------------------------------------------
     0 | D:5      | qw the Gargoyle Delver began the quest for the Orb.
     0 | D:5      | Reached XP level 1. HP: 14/14 MP: 1/1
     0 | D:5      | 0 ||| qw: Version: 0.1-a-118-gb4e7ce6
     0 | D:5      | 0 ||| qw: Game counter: 10385
     0 | D:5      | 0 ||| qw: Always use a shield: true
     0 | D:5      | 0 ||| qw: God list: Okawaru
     0 | D:5      | 0 ||| qw: Allow faded altars: false
     0 | D:5      | 0 ||| qw: Do Orc after D:15 true
     0 | D:5      | 0 ||| qw: Do second Lair branch before Depths: true
     0 | D:5      | 0 ||| qw: Lair rune preference: random
     0 | D:5      | 0 ||| qw: Plans: Normal
     0 | D:5      | 0 ||| PLANNING D:1-11
    86 | D:5      | 86 ||| UPGRADING to +0 ring mail.
    96 | D:5      | 96 ||| DROPPING +0 leather armour.
    97 | D:5      | 97 ||| DROPPING scroll of fog.
    98 | D:5      | 98 ||| DROPPING scroll of magic mapping.
    99 | D:5      | 99 ||| DROPPING scroll of fear.
   115 | D:4      | Found a white marble altar of Elyvilon.
   196 | D:4      | 196 ||| SWAPPING to +0 war axe.
   223 | D:4      | 223 ||| DROPPING +0 hand axe.
   250 | D:4      | 250 ||| Stepping ~*~*~tactically~*~*~ (stealth).
   252 | D:4      | 252 ||| Stepping ~*~*~tactically~*~*~ (stealth).
   265 | D:4      | Reached XP level 2. HP: 19/19 MP: 2/2
   342 | D:4      | Noticed Duvessa
   342 | D:4      | Noticed Dowan
   348 | D:4      | HP: 4/19 [Duvessa/+0 rapier (8)]
   349 | D:4      | Slain by Duvessa

Levels and vault maps discovered:
D:4:      layout_layer_cave, nicolae_elyvilon_peaceful_grove, serial_shops,
          shop, chequers_avenue, uniq_duvessa, uniq_edmund,
          uniq_crazy_yiuf_cottage
D:5:      layout_basic, ashenzari_altar_1,
          mainiacjoe_overflow_concentric_impassable, lemuel_round_altar,
          mainiacjoe_overflow_six_doors_small, okawaru_gym_becter, serial_shops,
          shop, kennysheep_generic_room_6, uniq_menkaure

Skill      XL: |  1 |
---------------+----+-----
Axes           | 2 |  2.7
Fighting       | |  3.2
Dodging        | |  1.5
Stealth        | |  5.4

Action                   || total
-------------------------++-------
Melee: War axe           ||    29
       Hand axe          ||     6
Armor: Ring mail         ||    13
Dodge: Dodged            ||    32

Table legend:
 A = Non-vault XP
 B = Vault XP
 C = Vault XP percentage of total XP
 D = Non-vault monster count
 E = Vault monster count
 F = Vault count percentage of total count
                 A         B        C        D         E       F
            +---------+---------+-------+---------+---------+-------
      Total |      21 |       0 |   0.0 |       5 |       0 |   0.0
            +---------+---------+-------+---------+---------+-------
        D:4 |      21 |       0 |   0.0 |       5 |       0 |   0.0
            +---------+---------+-------+---------+---------+-------
